 Dungeon Crawl Stone Soup version 0.22-a0-271-gc000056 (webtiles) character file.

545 tidbits the Chiller (level 7, 0/56 HPs)
             Began as a Gnoll Ice Elementalist on Mar 11, 2018.
             Was a Follower of Cheibriados.
             Slain by a centaur zombie (6 damage)
             ... on level 6 of the Dungeon.
             The game lasted 00:10:41 (1078 turns).

tidbits the Chiller (Gnoll Ice Elementalist)        Turns: 1078, Time: 00:10:42

Health: 0/56       AC:  8    Str:  9 (11) XL:     7   Next: 27%
Magic:  9/15       EV: 15    Int: 20 (21) God:    Cheibriados [*.....]
Gold:   105        SH:  0    Dex: 17      Spells: 11/17 levels left

rFire    . . .     SeeInvis .   a - +0 short sword
rCold    . . .     Gourm    .   (no shield)
rNeg     . . .     Faith    .   B - +0 robe
rPois    .         Spirit   .   (no helmet)
rElec    .         Reflect  .   (no cloak)
rCorr    .         Harm     .   (no gloves)
MR       .....                  (no boots)
Stlth    +++.......             (no amulet)
HPRegen  0.18/turn              (no ring)
MPRegen  0.14/turn              (no ring)

@: icy armour, very slow
A: distributed training, fangs 1, robust 1, weak 1, strong nose
a: Bend Time, Renounce Religion


You were on level 6 of the Dungeon.
You worshipped Cheibriados.
Cheibriados was aware of your devotion.
You were not hungry.

You visited 1 branch of the dungeon, and saw 6 of its levels.

You collected 105 gold pieces.

Inventory:

Hand Weapons
 a - a +0 short sword (weapon)
 b - a +0 dagger
Missiles
 e - 53 arrows
 g - 7 tomahawks (quivered)
Armour
 o - a +0 ring mail
 B - a +0 robe (worn)
Wands
 d - a wand of digging (5)
Scrolls
 i - 2 scrolls of identify
 j - a scroll of amnesia
 m - 2 scrolls of fog
 n - a scroll of enchant armour
 r - 2 scrolls of remove curse
Potions
 h - a potion of flight
 k - a potion of haste
Comestibles
 c - 7 rations


   Skills:
 + Level 2.3 Fighting
 + Level 2.3 Short Blades
 + Level 2.3 Long Blades
 + Level 2.3 Axes
 + Level 2.3 Maces & Flails
 + Level 2.3 Polearms
 + Level 2.3 Staves
 + Level 2.3 Slings
 + Level 2.3 Bows
 + Level 2.3 Crossbows
 + Level 2.3 Throwing
 + Level 2.3 Armour
 + Level 5.1 Dodging
 + Level 4.8 Stealth
 + Level 2.3 Shields
 + Level 2.3 Unarmed Combat
 + Level 5.5 Spellcasting
 + Level 2.9 Conjurations
 + Level 1.9 Hexes
 + Level 1.9 Charms
 + Level 1.9 Summonings
 + Level 1.9 Necromancy
 + Level 1.9 Translocations
 + Level 1.9 Transmutations
 + Level 1.9 Fire Magic
 + Level 5.8 Ice Magic
 + Level 1.9 Air Magic
 + Level 1.9 Earth Magic
 + Level 1.9 Poison Magic
 + Level 2.5 Invocations
 + Level 2.3 Evocations


You had 11 spell levels left.
You knew the following spells:

 Your Spells              Type           Power        Failure   Level  Hunger
a - Freeze                Ice            ####         1%          1    None
j - Throw Frost           Conj/Ice       ###...       2%          2    None
o - Ozocubu's Armour      Chrm/Ice       ###.....     7%          3    ##.....


Dungeon Overview and Level Annotations

Branches:
Dungeon (6/15)             Temple (0/1) D:5

Altars:
Cheibriados
Elyvilon
Ru
The Shining One


Innate Abilities, Weirdness & Mutations

Your experience applies equally to all skills.
You have very sharp teeth.
Your uncanny sense of smell can sniff out nearby items.
You are robust. (+10% HP)
You are weak. (Str -2)


Message History

The ogre hits you with a giant club! The shadow imp hits you.
Casting: Freeze (safe; 1% risk of failure)
Confirm with . or Enter, or press ? or * to list all spells.
Aiming: Freeze (safe; 1% risk of failure)
Press: ? - help, Shift-Dir - straight line, f/p - ogre
Aim: an ogre, wielding a giant club (severely wounded)
You freeze the ogre.
The ogre is almost dead.
The shadow imp hits you.
* * * LOW HITPOINT WARNING * * *
Casting: Freeze (safe; 1% risk of failure)
Confirm with . or Enter, or press ? or * to list all spells.
Aiming: Freeze (safe; 1% risk of failure)
Press: ? - help, Shift-Dir - straight line, f/p - ogre
Aim: an ogre, wielding a giant club (almost dead)
You freeze the ogre.
You kill the ogre!
Cheibriados thoroughly appreciates the change of pace.
You feel your dexterity returning. The shadow imp completely misses you.
You hit the shadow imp but do no damage.
The shadow imp is heavily wounded.
The shadow imp hits you.
* * * LOW HITPOINT WARNING * * *
You hit the shadow imp.
The shadow imp is heavily wounded.
The shadow imp completely misses you.
You hit the shadow imp.
You bite the shadow imp, but do no damage.
The shadow imp is severely wounded.
The shadow imp closely misses you.
You barely miss the shadow imp.
The shadow imp is severely wounded.
The shadow imp closely misses you.
You hit the shadow imp but do no damage.
The shadow imp is severely wounded.
The shadow imp hits you.
* * * LOW HITPOINT WARNING * * *
You hit the shadow imp.
You kill the shadow imp!
Cheibriados appreciates the change of pace.
Things that are here:
a giant club; an ogre corpse
Found 19 arrows.
Found a club.
You see here 19 arrows.
e - 53 arrows (gained 19)
Found 27 stones.
A centaur zombie comes into view.
Unknown command.
The ogre shouts!
The centaur zombie completely misses you.
The centaur zombie hits you!
* * * LOW HITPOINT WARNING * * *
You feel a little less agile now. The centaur zombie hits you.
* * * LOW HITPOINT WARNING * * *
You hit the centaur zombie. You punch the centaur zombie.
The centaur zombie is lightly damaged.
The centaur zombie hits you but does no damage.
Okay, then.
Okay, then.
Unknown command.
Casting: Freeze (safe; 1% risk of failure)
Confirm with . or Enter, or press ? or * to list all spells.
A film of ice covers your body! The centaur zombie hits you.
* * * LOW HITPOINT WARNING * * *
The centaur zombie misses you.
Unknown command.
Wield which item (- for none, * to show all)? (? for menu, Esc to quit)
Okay, then.
You barely miss the centaur zombie.
The centaur zombie is lightly damaged.
The centaur zombie hits you.
* * * LOW HITPOINT WARNING * * *
You hit the centaur zombie.
The centaur zombie is lightly damaged.
The centaur zombie barely misses you.
You hit the centaur zombie.
You bite the centaur zombie, but do no damage.
The centaur zombie is moderately damaged.
The centaur zombie completely misses you. x2
You hit the centaur zombie.
You bite the centaur zombie, but do no damage.
The centaur zombie is moderately damaged.
The centaur zombie hits you!
* * * LOW HITPOINT WARNING * * *
You hit the centaur zombie.
The centaur zombie is heavily damaged.
The centaur zombie hits you but does no damage.
Okay, then.
You hit the centaur zombie.
The centaur zombie is heavily damaged.
The centaur zombie hits you.
* * * LOW HITPOINT WARNING * * *
The centaur zombie barely misses you.
You hit the centaur zombie.
The centaur zombie is heavily damaged.
The centaur zombie hits you.
You die...

......#.#..#...#...#...#
........###..#...#...#.
........#......#...#...
.................#..##
#.................###
#..............##########
#..........###..........#
(........>...###........#
.......(...#.###@.......#
###.......#.#OZ........#
...........#........#
..........##........#
........#############
.....(.........
...............
...............
#######........


You could see an ogre and a centaur zombie.

Vanquished Creatures
  2 ogres
  A bullfrog (D:6)
  A scorpion (D:4)
  A howler monkey (D:2)
  A centaur skeleton (D:4)
  Terence (D:2)
  Natasha (D:2)
  2 worker ants (D:4)
  5 adders
  A shadow imp (D:6)
  An adder skeleton (D:6)
  3 dart slugs
  An orc (D:4)
  4 bats
  3 giant cockroaches
  4 goblins
  3 hobgoblins
  3 jackals (D:4)
  3 kobolds
  A quokka (D:3)
  3 frilled lizards
  3 rats
48 creatures vanquished.

Notes
Turn   | Place    | Note
-------+----------+-------------------------------------------
     0 | D:1      | tidbits the Gnoll Ice Elementalist began the quest for the Orb.
     0 | D:1      | Reached XP level 1. HP: 13/13 MP: 6/6
    38 | D:1      | Reached skill level 2 in Conjurations
    54 | D:1      | Reached XP level 2. HP: 19/19 MP: 4/7
   186 | D:2      | Learned a level 2 spell: Throw Frost
   229 | D:2      | Found a sacrificial altar of Ru.
   238 | D:2      | Noticed a howler monkey
   247 | D:2      | Killed a howler monkey
   247 | D:2      | Reached skill level 1 in Fighting
   247 | D:2      | Reached skill level 1 in Short Blades
   247 | D:2      | Reached skill level 1 in Long Blades
   247 | D:2      | Reached skill level 1 in Axes
   247 | D:2      | Reached skill level 1 in Maces & Flails
   247 | D:2      | Reached skill level 1 in Polearms
   247 | D:2      | Reached skill level 1 in Staves
   247 | D:2      | Reached skill level 1 in Slings
   247 | D:2      | Reached skill level 1 in Bows
   247 | D:2      | Reached skill level 1 in Crossbows
   247 | D:2      | Reached skill level 1 in Throwing
   247 | D:2      | Reached skill level 1 in Armour
   247 | D:2      | Reached skill level 1 in Shields
   247 | D:2      | Reached skill level 1 in Unarmed Combat
   247 | D:2      | Reached skill level 5 in Spellcasting
   247 | D:2      | Reached skill level 1 in Invocations
   247 | D:2      | Reached skill level 1 in Evocations
   247 | D:2      | Reached XP level 3. HP: 20/26 MP: 3/9
   247 | D:2      | Reached XP level 4. HP: 25/32 MP: 3/11
   253 | D:2      | Learned a level 3 spell: Ozocubu's Armour
   274 | D:2      | Noticed Natasha
   276 | D:2      | Noticed Terence
   281 | D:2      | Killed Natasha
   289 | D:2      | Gained mutation: You are weak. (Str -2) [potion of mutation]
   289 | D:2      | Gained mutation: You are robust. (+10% HP) [potion of mutation]
   301 | D:2      | Killed Terence
   301 | D:2      | Reached skill level 1 in Hexes
   301 | D:2      | Reached skill level 1 in Charms
   301 | D:2      | Reached skill level 1 in Summonings
   301 | D:2      | Reached skill level 1 in Necromancy
   301 | D:2      | Reached skill level 1 in Translocations
   301 | D:2      | Reached skill level 1 in Transmutations
   301 | D:2      | Reached skill level 1 in Fire Magic
   301 | D:2      | Reached skill level 1 in Air Magic
   301 | D:2      | Reached skill level 1 in Earth Magic
   301 | D:2      | Reached skill level 1 in Poison Magic
   302 | D:2      | Reached XP level 5. HP: 16/40 MP: 1/12
   380 | D:4      | Found a snail-covered altar of Cheibriados.
   395 | D:4      | Became a worshipper of Cheibriados the Contemplative
   471 | D:4      | Noticed an ogre
   476 | D:4      | Killed an ogre
   476 | D:4      | Reached skill level 2 in Invocations
   476 | D:4      | Reached XP level 6. HP: 35/48 MP: 3/14
   544 | D:4      | Found a glowing golden altar of the Shining One.
   613 | D:4      | Reached skill level 5 in Dodging
   617 | D:4      | Reached skill level 2 in Fighting
   617 | D:4      | Reached skill level 2 in Short Blades
   617 | D:4      | Reached skill level 2 in Long Blades
   617 | D:4      | Reached skill level 2 in Axes
   617 | D:4      | Reached skill level 2 in Maces & Flails
   617 | D:4      | Reached skill level 2 in Polearms
   617 | D:4      | Reached skill level 2 in Staves
   617 | D:4      | Reached skill level 2 in Slings
   617 | D:4      | Reached skill level 2 in Bows
   617 | D:4      | Reached skill level 2 in Crossbows
   617 | D:4      | Reached skill level 2 in Throwing
   617 | D:4      | Reached skill level 2 in Armour
   617 | D:4      | Reached skill level 2 in Shields
   617 | D:4      | Reached skill level 2 in Unarmed Combat
   617 | D:4      | Reached skill level 2 in Evocations
   788 | D:5      | Entered Level 5 of the Dungeon
   919 | D:5      | Found a staircase to the Ecumenical Temple.
   926 | D:6      | Found a white marble altar of Elyvilon.
   953 | D:6      | Reached * piety under Cheibriados
  1023 | D:6      | Reached XP level 7. HP: 51/55 MP: 10/15
  1078 | D:6      | Slain by a centaur zombie

Vault maps used:
D:1:      dpeg_arrival_rooms_with_view, st_stairs_12, serial_park_tiny_2
D:2:      lemuel_doored_altar, st_stairs_4, nicolae_dithmenos_shadow_blocks,
          uniq_terence, uniq_natasha
D:3:      uniq_sigmund, uniq_crazy_yiuf_cottage
D:4:      old_standard_altar, first_ration, minivault_25, minivault_14,
          lemuel_tele_altar
D:5:      nicolae_qazlal_eye_of_the_storm, minmay_temple_entry_overgrown,
          serial_shops, kennysheep_mini, minivault_19, kennysheep_small_spiral
D:6:      gammafunk_temple_overflow_elements, hex_large, elyvilon_altar_5

Skill      XL: |  1  2  3  4  5  6 |
---------------+-------------------+-----
Conjurations   | 2 |  2.9
Fighting       | 1 2 |  2.3
Short Blades   | 1 2 |  2.3
Long Blades    | 1 2 |  2.3
Axes           | 1 2 |  2.3
Maces & Flails | 1 2 |  2.3
Polearms       | 1 2 |  2.3
Staves         | 1 2 |  2.3
Slings         | 1 2 |  2.3
Bows           | 1 2 |  2.3
Crossbows      | 1 2 |  2.3
Throwing       | 1 2 |  2.3
Armour         | 1 2 |  2.3
Shields        | 1 2 |  2.3
Unarmed Combat | 1 2 |  2.3
Spellcasting   | 5 |  5.5
Invocations    | 1 2 |  2.5
Evocations     | 1 2 |  2.3
Hexes          | 1 |  1.9
Charms         | 1 |  1.9
Summonings     | 1 |  1.9
Necromancy     | 1 |  1.9
Translocations | 1 |  1.9
Transmutations | 1 |  1.9
Fire Magic     | 1 |  1.9
Air Magic      | 1 |  1.9
Earth Magic    | 1 |  1.9
Poison Magic   | 1 |  1.9
Dodging        | 5 |  5.1
Stealth        | |  4.8
Ice Magic      | |  5.8

Action                   |  1- 3 |  4- 6 |  7- 9 || total
-------------------------+-------+-------+-------++-------
Melee: Short sword       |     9 |    37 |    19 ||    65
       Bite              |     1 |     7 |     4 ||    12
       Punch             |       |       |     1 ||     1
 Cast: Freeze            |    18 |    33 |     8 ||    59
       Throw Frost       |     1 |    14 |       ||    15
       Ozocubu's Armour  |       |     1 |     1 ||     2
  Use: Potion            |       |     8 |       ||     8
       Scroll            |       |     6 |       ||     6
 Stab: Sleeping          |     4 |     2 |       ||     6
  Eat: Ration            |       |     1 |       ||     1
Armor: Robe              |     5 |     5 |     2 ||    12
Dodge: Dodged            |    18 |    63 |    22 ||   103

Table legend:
 A = Spawn XP
 B = Non-spawn XP
 C = Spawn XP percentage of total XP
 D = Spawn monster count
 E = Non-spawn monster count
 F = Spawn count percentage of total count
 G = Total turns spent on level
                    A         B        C        D         E        F      G
               +---------+---------+-------+---------+---------+-------+---------
         Total |       0 |     779 |   0.0 |       0 |      48 |   0.0 |  1078
               +---------+---------+-------+---------+---------+-------+---------
           D:1 |       0 |      24 |   0.0 |       0 |      11 |   0.0 |   171
           D:2 |       0 |     159 |   0.0 |       0 |      14 |   0.0 |   178
           D:3 |       0 |       7 |   0.0 |       0 |       5 |   0.0 |    51
           D:4 |       0 |     327 |   0.0 |       0 |      12 |   0.0 |   419
           D:5 |       0 |      13 |   0.0 |       0 |       1 |   0.0 |    95
           D:6 |       0 |     249 |   0.0 |       0 |       5 |   0.0 |   164
               +---------+---------+-------+---------+---------+-------+---------

Table legend:
 A = Turns spent in this place as a percentage of turns spent in the entire game.
 B = Non-inter-level travel turns spent in this place as a percentage of non-inter-level travel turns spent in the entire game.
 C = Inter-level travel turns spent in this place as a percentage of turns spent in this place.
 D = Turns resting spent in this place as a percentage of non-inter-level travel turns spent in this place.
 E = Turns spent auto-exploring this place as a percentage of non-inter-level travel turns spent in this place.
 F = Non-inter-level travel turns spent in this place divided by the number of levels of this place that you've seen.
                   A       B       C       D       E      F
               +-------+-------+-------+-------+-------+----------------------
         Total | 100.0 | 100.0 |   0.0 |   0.0 |   0.0 | 179.7
       Dungeon | 100.0 | 100.0 |   0.0 |   0.0 |   0.0 | 179.7
               +-------+-------+-------+-------+-------+----------------------

Table legend:
 A = Kills in this place as a percentage of kills in entire the game.
 B = Kills by you in this place as a percentage of kills by you in the entire game.
 C = Kills by friends in this place as a percentage of kills by friends in the entire game.
 D = Other kills in this place as a percentage of other kills in the entire game.
 E = Experience gained in this place as a percentage of experience gained in the entire game.
 F = Experience gained in this place divided by the number of levels of this place that you have seen.
                   A       B       C       D       E      F
               +-------+-------+-------+-------+-------+----------------------
         Total | 100.0 | 100.0 |   N/A |   N/A | 100.0 | 129.8
       Dungeon | 100.0 | 100.0 |   N/A |   N/A | 100.0 | 129.8
               +-------+-------+-------+-------+-------+----------------------

Vault maps used:
D:1:      dpeg_arrival_rooms_with_view, st_stairs_12, serial_park_tiny_2
D:2:      lemuel_doored_altar, st_stairs_4, nicolae_dithmenos_shadow_blocks,
          uniq_terence, uniq_natasha
D:3:      uniq_sigmund, uniq_crazy_yiuf_cottage
D:4:      old_standard_altar, first_ration, minivault_25, minivault_14,
          lemuel_tele_altar
D:5:      nicolae_qazlal_eye_of_the_storm, minmay_temple_entry_overgrown,
          serial_shops, kennysheep_mini, minivault_19, kennysheep_small_spiral
D:6:      gammafunk_temple_overflow_elements, hex_large, elyvilon_altar_5
